 Dungeon Crawl Stone Soup version 0.28.0-53-g5a82cb258f (webtiles) character file.

Game seed: 18156935656063198578

9 PentaManta the Skirmisher (level 2, -2/24 HPs)
             Began as a Merfolk Abyssal Knight on June 5, 2022.
             Was an Initiate of Lugonu.
             Frozen to death by an endoplasm (3 damage)
             ... on level 1 of the Dungeon.
             The game lasted 00:01:32 (649 turns).

PentaManta the Skirmisher (Merfolk Abyssal Knight)   Turns: 649, Time: 00:01:32

Health: -2/24      AC:  3    Str: 13    XL:     2   Next: 12%
Magic:  3/3        EV: 12    Int:  9    God:    Lugonu [......]
Gold:   48         SH:  0    Dex: 14    Spells: 1/1 levels left

rFire   . . .      SeeInvis .     - Unarmed
rCold   . . .      Faith    .   (no shield)
rNeg    . . .      Spirit   .   a - +0 leather armour
rPois   .          Reflect  .   (no helmet)
rElec   .          Harm     .   (no cloak)
rCorr   .          Rampage  .   (no gloves)
Will    .....                   (no boots)
Stlth   +.........              (no amulet)
HPRegen 0.08/turn               (no ring)
MPRegen 0.08/turn               (no ring)

@: no status effects
A: (nimble swimmer 2), mertail
a: Renounce Religion


You were on level 1 of the Dungeon.
You worshipped Lugonu.
Lugonu was noncommittal.
You visited 1 branch of the dungeon, and saw 1 of its levels.
You visited the Abyss 1 time.

You collected 48 gold pieces.

Inventory:

Armour
 a - a +0 leather armour (worn)
 d - a +0 chain mail
Scrolls
 c - a scroll of identify {unknown}
Potions
 b - 2 potions of haste {unknown}
 e - a potion of berserk rage {unknown}


   Skills:
 - Level 3.2 Fighting
 - Level 0.6 Armour
 - Level 2.9 Dodging
 + Level 3.0 Unarmed Combat
 - Level 2.0 Invocations


You had one spell level left.
You didn't know any spells.
Your spell library contained the following spells:

 Spells                   Type           Power      Damage    Failure   Level
 Tukima's Dance           Hex            0%         N/A       83%         3
 Anguish                  Hex/Necr       0%         N/A       99%         4
 Enfeeble                 Hex            0%         N/A       100%        7


Dungeon Overview and Level Annotations

Branches:
Dungeon (1/15)

Altars:


Innate Abilities, Weirdness & Mutations

((You are very nimble when in or above water. (Stealth+, EV+, Speed+++)))
Your lower body shifts to a powerful aquatic tail in water.


Message History

You hit the quokka.
The quokka is severely wounded.
The quokka barely misses you. The endoplasm freezes you.
You are frozen.
You closely miss the quokka.
The quokka is severely wounded.
The quokka closely misses you. The endoplasm closely misses you.
You hit the quokka.
The quokka is almost dead.
The quokka bites you but does no damage.
You closely miss the quokka.
The quokka is almost dead.
The endoplasm barely misses you. The quokka closely misses you.
You completely miss the quokka.
The quokka is almost dead.
The endoplasm freezes you.
You are frozen.
The quokka bites you but does no damage.
You miss the quokka.
The quokka is almost dead.
The quokka bites you but does no damage.
The endoplasm barely misses you.
You barely miss the quokka. Your punch misses the quokka.
The quokka is almost dead.
The quokka bites you. The endoplasm freezes you.
You are frozen.
* * * LOW HITPOINT WARNING * * *
The quokka barely misses you. The quokka barely misses you.
You see here a quokka corpse.
The endoplasm freezes you.
You are frozen.
* * * LOW HITPOINT WARNING * * *
You hit the endoplasm.
The endoplasm is lightly wounded.
The endoplasm freezes you.
You are frozen.
You die...

#......#
###########......#
#.........#......##
#.........#......##
#.........#........ ##
####.........#........ ...
......................
.... #.........#........
.....###J@.......#........
.......r########..........
...).(†.########>######...
..........................
.(......#############.....
........# #..... ........#
#####. ........# ##
####.############# #


You could see an endoplasm and a quokka.

Vanquished Creatures
  A goblin (D:1)
  A kobold (D:1)
  2 quokkas (D:1)
  A ball python (D:1)
  A frilled lizard (D:1)
  3 rats (D:1)
9 creatures vanquished.

Notes
Turn   | Place    | Note
-------+----------+-------------------------------------------
     0 | Abyss:1  | PentaManta the Merfolk Abyssal Knight began the quest for
                  | the Orb.
     0 | Abyss:1  | Reached XP level 1. HP: 18/18 MP: 2/2
     7 | Abyss:1  | Found a corrupted altar of Lugonu.
    31 | Abyss:1  | Noticed a wretched star
    31 | Abyss:1  | Noticed a large abomination
    32 | D:1      | Escaped the Abyss
   633 | D:1      | Reached XP level 2. HP: 21/24 MP: 3/3
   648 | D:1      | HP: 1/24 [frozen (4)]
   649 | D:1      | Frozen to death by an endoplasm

Illustrated notes

Levels and vault maps discovered:
D:1:      co_arrival_random_square_maze, layout_basic

Skill      XL: |  1  2 |
---------------+-------+-----
Unarmed Combat | 3 |  3.0
Fighting       | |  3.2
Armour         | |  0.6
Dodging        | |  2.9
Invocations    | |  2.0

Action                   || total
-------------------------++-------
Melee: Unarmed           ||    39
Invok: Depart the Abyss  ||     1
 Stab: Sleeping          ||     1
Armor: Leather armour    ||    11
Dodge: Dodged            ||    22
